 Dungeon Crawl Stone Soup version 0.17-a0-1674-g2b13139 (webtiles) character file.

3987 Skarn the Blocker (level 10, -5/88 HPs)
             Began as a Minotaur Fighter on Aug 18, 2015.
             Was an Elder of Trog.
             Slain by Urug
             ... wielding a cursed -3 great mace
              (8 damage)
             ... on level 1 of the Lair of Beasts.
             The game lasted 01:10:17 (4345 turns).

Skarn the Blocker (Minotaur Fighter)                Turns: 4345, Time: 01:10:17

Health: -5/88      AC: 17    Str: 28    XL:     10   Next: 3%
Magic:  9/9        EV:  9    Int:  5    God:    Trog [****..]
Gold:   339        SH: 19    Dex: 11    Spells: 0 memorised, 9 levels left

rFire  x . .     SeeInvis .     Z - +2 morningstar (holy)
rCold  + . .     Clarity  .     T - +0 plate armour
rNeg   . . .     SustAt   .     x - +0 large shield
rPois  .         Gourm    .     (helmet restricted)
rElec  .         Spirit   .     (no cloak)
rCorr  .         Warding  .     l - +0 pair of gloves
rMut   .         Stasis   .     Y - +2 pair of boots
MR     .....                    S - amulet of faith
Stlth  ..........               b - ring of ice
                                K - +3 ring of evasion

@: mighty, very slightly contaminated, invisible, not resistant to hostile
enchantments, extremely unstealthy
A: retaliatory headbutt, horns 2
a: Burn Spellbooks, Berserk, Trog's Hand, Brothers in Arms, Renounce Religion


You were on level 1 of the Lair of Beasts.
You worshipped Trog.
Trog was greatly pleased with you.
You were not hungry.

You visited 3 branches of the dungeon, and saw 11 of its levels.

You collected 339 gold pieces.

Inventory:

Hand weapons
 f - a +0 whip of electrocution
 s - a +0 shortbow
 A - a +0 flail of holy wrath
 C - a +0 hunting sling
 J - a +0 hand crossbow
 L - a +2 trident of venom
 N - a +0 dagger of chaos
 U - a +0 shortbow
 Z - a +2 morningstar of holy wrath (weapon)
Missiles
 h - 77 arrows
 q - 219 stones (quivered)
 u - 14 sling bullets
 B - 8 needles of frenzy
 F - a throwing net
 G - 13 exploding sling bullets
 R - 32 arrows of frost
Armour
 l - a +0 pair of gloves (worn)
 m - the +2 leather armour "Ipleypol" {*Contam rElec Str+4}
   (You found it on level 8 of the Dungeon)

   It affects your strength (+4).
   It insulates you from electricity.
   It causes magical contamination when unequipped.
 x - a +0 large shield (worn)
 Q - a +0 pair of gloves
 T - a +0 plate armour (worn)
 Y - a +2 pair of boots (worn)
Jewellery
 b - a ring of ice (right hand)
 y - an uncursed ring of flight {unknown}
 E - an uncursed amulet of resist corrosion
 K - a +3 ring of evasion (left hand)
 S - an amulet of faith (around neck)
Magical devices
 c - a wand of lightning (7)
 k - a wand of paralysis (13)
 n - a wand of enslavement (7)
Scrolls
 j - 2 scrolls of random uselessness {unknown}
 p - 8 scrolls of teleportation {unknown}
 v - a scroll of identify
 w - 6 scrolls of remove curse
 D - 3 scrolls of recharging {unknown}
 P - 2 scrolls of noise {unknown}
Potions
 d - a potion of might
 g - a potion of lignification
 i - a potion of flight {unknown}
 o - 2 potions of haste
 t - 2 potions of ambrosia {unknown}
 z - a potion of cancellation {unknown}
 H - a potion of agility {unknown}
 I - a potion of mutation {unknown}
 M - a potion of beneficial mutation {unknown}
 W - 2 potions of brilliance
Comestibles
 e - 4 bread rations
 O - 2 royal jellies
 V - 23 fruits
 X - 3 beef jerkies


   Skills:
 + Level 8.1 Fighting
   Level 3.3 Long Blades
 + Level 7.8 Maces & Flails
 + Level 0.9(1.0) Slings
 + Level 0.4(0.7) Throwing
 + Level 7.1 Armour
 + Level 4.5 Dodging
 + Level 0.5 Stealth
 + Level 10.9 Shields


You had 9 spell levels left.
You didn't know any spells.

Dungeon Overview and Level Annotations

Branches:
Dungeon (9/15)             Temple (1/1) D:7            Lair (1/8) D:9
    Orc: D:9-12

Altars:
Ashenzari
Cheibriados
Dithmenos
Elyvilon
Fedhas
Gozag
Kikubaaqudgha
Nemelex Xobeh
Okawaru
Qazlal
Ru
Sif Muna
Trog
Vehumet
Xom
Zin
The Shining One

Shops:
D:5 }

Portals:
Labyrinth: Lair:1

Annotations:
Lair:1 Urug


Innate Abilities, Weirdness & Mutations

You reflexively headbutt those who attack you in melee.
You have a pair of horns on your head.


Message History

Urug hits you but does no damage.
You hit Urug. Your headbutt misses Urug.
Urug is moderately wounded.
Urug hits you with an enchanted great mace!!
* * * LOW HITPOINT WARNING * * *
Drink which item? (? for menu, Esc to quit)
You feel better.
Urug hits you with an enchanted great mace!!
* * * LOW HITPOINT WARNING * * *
Read which item? (? for menu, Esc to quit)
Okay, then.
Drink which item? (? for menu, Esc to quit)
You fade into invisibility!
Drink which item? (? for menu, Esc to quit)
You feel very mighty all of a sudden. Urug completely misses you.
You closely miss Urug.
Urug is moderately wounded.
Urug hits you with an enchanted great mace!
You die...

#### ##...# ##P...#
####....(# # ##.###...P# ##
##### #...(†..(##
.#####...## ##.##((.##
#.##......######.o#..(#
..........##.#..@##.###
#..............###.#..!....
........#####.#.>......o.##
.)......÷...<....(##......#
......P###P####...# .....##
......## ### #(....)#...#
....### # ....##..##.#
....# .. ..#.## ## ## ....#
... #


You could see Urug.

Vanquished Creatures
  3 blink frogs (Lair:1)
  6 yaks (Lair:1)
  The ghost of Wraiths the Chopper, an average FoFi (D:4)
  3 wargs (D:9)
  A porcupine (Lair:1)
  A sky beast (D:8)
  An orc warrior (D:8)
  A water moccasin (D:8)
  2 centaurs
  4 giant frogs
  A wyvern zombie (D:8)
  4 scorpions
  3 crimson imps (D:4)
  2 hounds
  A centaur skeleton (D:4)
  A jelly (D:5)
  5 orc wizards
  A giant frog skeleton (D:5)
  2 quasits
  3 orc priests
  Jessica (D:3)
  5 iguanas
  4 worker ants
  11 gnolls
  2 adders
  5 river rats (Lair:1)
  A shadow imp (D:5)
  An adder skeleton (D:7)
  2 worms
  12 orcs
  4 bats
  A giant cockroach (D:3)
  6 goblins
  2 hobgoblins
  3 kobolds
  3 quokkas
  A giant cockroach zombie (D:5)
  A giant gecko skeleton (D:8)
  5 giant newts
  6 jackals (D:4)
  5 rats
  A fungus (Lair:1)
128 creatures vanquished.

Notes
Turn   | Place    | Note
--------------------------------------------------------------
     0 | D:1      | Skarn the Minotaur Fighter began the quest for the Orb.
     0 | D:1      | Reached XP level 1. HP: 19/19 MP: 0/0
   328 | D:1      | Reached XP level 2. HP: 27/27 MP: 1/1
   530 | D:2      | Found a stormy altar of Qazlal.
   784 | D:2      | Noticed a moth of wrath
   787 | D:2      | Found a bloodstained altar of Trog.
   800 | D:2      | Reached skill level 4 in Fighting
   829 | D:2      | Became a worshipper of Trog the Wrathful
   931 | D:3      | Found a sacrificial altar of Ru.
   971 | D:3      | Reached XP level 3. HP: 14/33 MP: 2/2
   994 | D:3      | Reached XP level 4. HP: 18/41 MP: 3/3
  1002 | D:3      | Noticed Jessica
  1010 | D:3      | Killed Jessica
  1013 | D:3      | Found a deep blue altar of Sif Muna.
  1417 | D:3      | Found a glowing silver altar of Zin.
  1465 | D:4      | Found a shimmering altar of Xom.
  1480 | D:4      | Reached skill level 1 in Dodging
  1480 | D:4      | Reached XP level 5. HP: 42/47 MP: 4/4
  1494 | D:4      | Reached skill level 5 in Shields
  1515 | D:4      | Acquired Trog's first power
  1520 | D:4      | Reached skill level 5 in Fighting
  1566 | D:4      | Reached skill level 5 in Armour
  1570 | D:4      | Reached XP level 6. HP: 23/56 MP: 5/5
  1814 | D:4      | Noticed Wraiths's ghost (average FoFi)
  1838 | D:4      | Killed Wraiths's ghost
  1838 | D:4      | Reached skill level 1 in Maces & Flails
  1838 | D:4      | Reached skill level 6 in Shields
  1862 | D:4      | Reached XP level 7. HP: 32/61 MP: 6/6
  1960 | D:4      | Found a sparkling altar of Nemelex Xobeh.
  1960 | D:4      | Found an opulent altar of Gozag.
  2025 | D:5      | Entered Level 5 of the Dungeon
  2154 | D:5      | Acquired Trog's second power
  2228 | D:5      | Found Saut's Gadget Emporium.
  2240 | D:5      | Reached skill level 7 in Shields
  2300 | D:5      | Upgraded the game from 0.17-a0-1669-gc936e17 to 0.17-a0-1674-g2b13139
  2738 | D:7      | Found an ancient bone altar of Kikubaaqudgha.
  2761 | D:7      | Reached XP level 8. HP: 70/70 MP: 7/7
  2840 | D:7      | Found a staircase to the Ecumenical Temple.
  2849 | Temple   | Entered the Ecumenical Temple
  3096 | D:7      | Found a shadowy altar of Dithmenos.
  3156 | D:8      | Reached skill level 8 in Shields
  3290 | D:8      | Found a blossoming altar of Fedhas.
  3448 | D:8      | Reached skill level 5 in Maces & Flails
  3581 | D:8      | Got a faintly humming leather armour
  3592 | D:8      | Identified the +2 leather armour "Ipleypol" {*Contam rElec Str+4} (You found it on level 8 of the Dungeon)
  3722 | D:8      | Found a snail-covered altar of Cheibriados.
  3779 | D:8      | Found a blossoming altar of Fedhas.
  3785 | D:8      | Reached skill level 9 in Shields
  3878 | D:9      | Reached XP level 9. HP: 78/78 MP: 8/8
  3902 | D:9      | Found a staircase to the Lair.
  3932 | Lair:1   | Entered Level 1 of the Lair of Beasts
  4023 | Lair:1   | Found a labyrinth entrance.
  4064 | Lair:1   | Acquired Trog's third power
  4064 | Lair:1   | Reached skill level 10 in Shields
  4233 | Lair:1   | Noticed Urug
  4285 | Lair:1   | Reached XP level 10. HP: 50/88 MP: 9/9
  4341 | Lair:1   | HP: 2/88 [Urug/enchanted great mace (18)]
  4345 | Lair:1   | Slain by Urug

Vault maps used:
D:1:      minmay_arrival_arboretum_small, roderic_lattice_a,
          minmay_misc_feat_tower, grunt_decor_resistance
D:2:      tgw_trog, lemuel_round_altar, hangedman_decor_points
D:3:      lemuel_crystal_altar, tgw_sif, overflow_temple_1_default
D:4:      grunt_temple_overflow_opulence, overflow_temple_1_default,
          serial_shops, nicolae_shop_crystal, grunt_ministairs_9, led_xom_imps
D:5:      serial_shops, nicolae_shop_crystal, first_bread
D:6:      yredelemnul_altar_generic
D:7:      overflow_temple_1_default, kennysheep_mini,
          minmay_temple_entry_glassed_door
D:8:      kennysheep_mini_moat, lemuel_doored_altar, hangedman_tree_tricks
D:9:      erik_lair_orcish_takeover, orc_david_3, minmay_pinched_square,
          uniq_prince_ribbit1
Temple:   circular_temple_6
Lair:1:   lab_entry_generic, uniq_urug

Action                   |  1- 3 |  4- 6 |  7- 9 | 10-12 || total
-------------------------+-------+-------+-------+-------++-------
Melee: Long sword        |    57 |    11 |       |       ||    68
       Morningstar       |       |    79 |   303 |     4 ||   386
 Fire: Hunting sling     |       |    10 |       |       ||    10
Throw: Stone             |       |     6 |     7 |     2 ||    15
  Use: Scroll            |       |     2 |     9 |       ||    11
       Potion            |       |       |     5 |     3 ||     8
  Eat: Fruit             |       |     3 |       |       ||     3
       Meat ration       |       |       |     2 |       ||     2
